 Dungeon Crawl Stone Soup version 0.31-a0-233-g139696dc86 (webtiles) character file.

Game seed: 631156448170074739

3982 Decritt the Fighter (level 10, -10/82 HPs)
             Began as a Demonspawn Gladiator on July 7, 2023.
             Mangled by an orc warrior
             ... wielding a +2 glaive of venom
              (13 damage)
             ... on level 7 of the Dungeon.
             The game lasted 00:14:23 (7046 turns).

Decritt the Fighter (Demonspawn Gladiator)          Turns: 7046, Time: 00:14:24

Health: -10/82     AC: 19    Str: 14    XL:     10   Next: 2%
Magic:  10/10      EV:  6    Int: 10    God:
Gold:   236        SH:  4    Dex: 19    Spells: 9/9 levels left

rFire   . . .        D - +2 scimitar (flame)
rCold   . . .        (no shield)
rNeg    . . .        j - +0 plate armour
rPois   .            C - +1 helmet
rElec   .            h - +1 cloak
rCorr   .            (no gloves)
SInv    .            (no boots)
Will    .....        (no amulet) Stlth
                     (no ring)
HPRegen 0.33/turn    (no ring)
MPRegen 0.12/turn

%: no passive effects
@: lethally poisoned (-10 -> -35)
A: hooves 2, thin metallic scales 2, spiny 2, condensation shield
a: no special abilities


You were on level 7 of the Dungeon.
You visited 2 branches of the dungeon, and saw 8 of its levels.
You also visited: Sewer.

You collected 236 gold pieces.

Inventory:

Hand Weapons
 D - a +2 scimitar of flaming (weapon)
Missiles
 d - 3 throwing nets (quivered)
Armour
 h - a +1 cloak (worn)
 j - a +0 plate armour (worn)
 C - a +1 helmet (worn)
Wands
 b - a wand of digging (4)
 y - a wand of flame (53)
 A - a wand of paralysis (10)
Scrolls
 a - a scroll of teleportation
 w - a scroll of fear
Potions
 f - a potion of mutation {unknown}
 g - 3 potions of enlightenment {unknown}
 i - a potion of haste {unknown}
 k - 3 potions of curing
 m - 4 potions of heal wounds
 n - a potion of might {unknown}
 o - 2 potions of cancellation {unknown}
 p - 3 potions of attraction
 q - 3 potions of invisibility
 t - 4 potions of resistance
 u - 2 potions of magic {unknown}
 v - a potion of degeneration {unknown}
 x - 3 potions of brilliance {unknown}


   Skills:
 * Level 8.7 Fighting
 * Level 6.7(7.4) Short Blades
 - Level 4.6(6.3) Long Blades
 - Level 1.7 Throwing
 + Level 5.1 Armour
 + Level 5.9 Dodging


You had 9 spell levels left.
You didn't know any spells.
Your spell library contained the following spells:

 Spells                   Type           Power      Damage    Failure   Level
 Summon Guardian Golem    Hex/Summ       0%         N/A       100%        3
 Vhi's Electric Charge    Tloc/Air       0%         N/A       100%        3
 Volatile Blastmotes      Fire/Tloc      0%         2d10      100%        3
 Fulminant Prism          Conj/Hex       0%         3d5       100%        4
 Iskenderun's Mystic Bla  Conj/Tloc      0%         2d3       100%        4
 Arcjolt                  Conj/Air       0%         1d10      100%        5
 Lee's Rapid Deconstruct  Erth           0%         3d4*      100%        5
 Orb of Destruction       Conj           0%         9d5       100%        7
 Spellforged Servitor     Conj/Summ      0%         N/A       100%        7
 Maxwell's Capacitive Co  Air            0%         ∞         100%        8


Dungeon Overview and Level Annotations

Branches:
Dungeon (7/15)             Temple (1/1) D:5           Sewer (visited)

Altars:
Ashenzari
Cheibriados
Dithmenos
Fedhas
Gozag
Hepliaklqana
Kikubaaqudgha
Makhleb
Nemelex Xobeh
Ru
Sif Muna
Trog
Uskayaw
Vehumet
Wu Jian
Xom
Yredelemnul


Innate Abilities, Weirdness & Mutations

You have hoof-like feet.
You are mostly covered in thin metallic scales. (AC +3)
You are mostly covered in sharp spines.
A meltable shield of frost defends you. (SH +4)


Message History

The orc warrior is severely wounded.
The orc hits you but does no damage. You block the orc warrior's attack.
You completely miss the orc warrior.
You kick the orc warrior, but do no damage.
The orc warrior is severely wounded.
The orc barely misses you.
The orc warrior hits you with a +2 glaive of venom!
* * * LOW HITPOINT WARNING * * *
You are poisoned.
You feel better.
The orc hits you from afar with a +0 trident.
* * * LOW HITPOINT WARNING * * *
The orc warrior hits you but does no damage.
You are poisoned.
You feel much better.
You feel very sick.
The orc hits you from afar with a +0 trident.
* * * LOW HITPOINT WARNING * * *
The orc warrior hits you with a +2 glaive of venom.
* * * LOW HITPOINT WARNING * * *
You are more poisoned.
You closely miss the orc warrior. You kick the orc warrior.
The orc warrior is severely wounded.
You feel very sick. The orc hits you but does no damage.
The orc warrior is struck by your spines.
The orc warrior hits you with a +2 glaive of venom.
* * * LOW HITPOINT WARNING * * *
You are more poisoned.
You completely miss the orc warrior.
The orc warrior is almost dead.
* * * LOW HITPOINT WARNING * * *
You feel very sick. The orc hits you but does no damage.
The orc warrior hits you with a +2 glaive of venom!
* * * LOW HITPOINT WARNING * * *
You are more poisoned.
The orc hits you but does no damage.
The orc warrior hits you with a +2 glaive of venom!
You die...

#.# #......... ..#
#.######## ### ##.. #.# #..
###.##.###########.######.#
#####.....
#.#...................
....#....#
#.#.#########.######.#
###.#..#.# #.#.# o.. #.#
#.# ..#.#..#.# #.#.##)# #.#
#.# ..#....#.# #.#..@o#
#.######)#
.......#.###.#########
#.#.....).
.......#.............#
#.#.....)#
.......).....#.......#
#.#.....(#
......##.............#
#.........
#####.##.#####.......#
#......#.# ####.#
#.......#.....##.#.#
#.#####.......###.#..#.#.#
########.#............
#.#..#.#.#


You could see an orc warrior and an orc.

Vanquished Creatures
  Pikel (D:4)
  Prince Ribbit (D:7)
  A steam dragon (D:7)
  Duvessa (D:7)
  4 black bears
  2 ice beasts
  2 ogres (D:6)
  A lemure (D:4)
  A phantom (D:5)
  4 kobold brigands (Sewer)
  4 scorpions
  8 wights
  Dowan (D:7)
  4 killer bees (D:7)
  A howler monkey (D:4)
  A hound (D:5)
  4 jellies
  5 orc priests
  3 iron imps (D:3)
  2 gnoll boudas
  3 iguanas
  7 orc wizards
  3 sleepcaps
  Robin (D:4)
  8 gnolls
  13 adders
  7 river rats (Sewer)
  2 white imps (D:5)
  An ufetubus (D:5)
  A worm (D:2)
  3 dart slugs
  15 orcs
  15 ball pythons
  2 endoplasms
  5 giant cockroaches
  14 goblins
  17 hobgoblins
  4 quokkas
  4 bats
  A frilled lizard (D:1)
  19 kobolds
  19 rats
215 creatures vanquished.

Notes
Turn   | Place    | Note
-------+----------+-------------------------------------------
     0 | D:1      | Decritt the Demonspawn Gladiator began the quest for the
                  | Orb.
     0 | D:1      | Reached XP level 1. HP: 16/16 MP: 1/1
   117 | D:1      | Gained mutation: A meltable shield of frost defends you.
                  | (SH +4) [demonic ancestry]
   117 | D:1      | Reached XP level 2. HP: 13/22 MP: 2/2
   237 | D:1      | You fall into a shaft and drop 1 floor!
   328 | D:2      | Gained mutation: You are partially covered in thin metallic
                  | scales. (AC +2) [demonic ancestry]
   328 | D:2      | Reached XP level 3. HP: 26/28 MP: 3/3
  1329 | D:3      | Reached skill level 1 in Armour
  1383 | D:3      | Reached skill level 3 in Fighting
  1434 | D:3      | Found a burning altar of Makhleb.
  1518 | D:3      | Gained mutation: You are partially covered in sharp spines.
                  | [demonic ancestry]
  1518 | D:3      | Reached XP level 4. HP: 35/35 MP: 4/4
  1520 | D:3      | Found a glowing drain.
  1527 | Sewer    | Entered a sewer
  1717 | Sewer    | Gained mutation: You have large cloven feet. [demonic
                  | ancestry]
  1717 | Sewer    | Reached XP level 5. HP: 22/41 MP: 5/5
  1895 | Sewer    | Reached skill level 4 in Fighting
  1895 | Sewer    | Gained mutation: You are mostly covered in thin metallic
                  | scales. (AC +3) [demonic ancestry]
  1895 | Sewer    | Reached XP level 6. HP: 17/48 MP: 6/6
  2397 | D:3      | Reached skill level 1 in Short Blades
  2397 | D:3      | Reached XP level 7. HP: 47/55 MP: 7/7
  3315 | D:4      | Noticed Robin
  3341 | D:4      | Killed Robin
  3428 | D:4      | Reached skill level 5 in Fighting
  3960 | D:4      | Found a blossoming altar of Fedhas.
  3960 | D:4      | Found an ancient bone altar of Kikubaaqudgha.
  4137 | D:4      | Noticed Pikel
  4156 | D:4      | Killed Pikel
  4157 | D:4      | Reached skill level 6 in Fighting
  4157 | D:4      | Reached XP level 8. HP: 52/64 MP: 8/8
  4432 | D:5      | Entered Level 5 of the Dungeon
  4439 | D:5      | Found an ornate altar of the Wu Jian Council.
  4621 | D:5      | Found a staircase to the Ecumenical Temple.
  4635 | Temple   | Entered the Ecumenical Temple
  5007 | D:5      | Reached skill level 7 in Fighting
  5059 | D:5      | Reached skill level 5 in Dodging
  5097 | D:5      | Gained mutation: You have hoof-like feet. [demonic
                  | ancestry]
  5097 | D:5      | Reached XP level 9. HP: 72/72 MP: 9/9
  5138 | D:5      | Reached skill level 5 in Short Blades
  5368 | D:6      | Found a snail-covered altar of Cheibriados.
  5419 | D:6      | Found an opulent altar of Gozag.
  6175 | D:6      | Found a bloodstained altar of Trog.
  6176 | D:6      | Found a basalt altar of Yredelemnul.
  6338 | D:7      | Noticed Prince Ribbit
  6348 | D:7      | Killed Prince Ribbit
  6349 | D:7      | Reached skill level 8 in Fighting
  6522 | D:7      | Noticed Dowan
  6524 | D:7      | Noticed Duvessa
  6526 | D:7      | Killed Dowan
  6539 | D:7      | Killed Duvessa
  6540 | D:7      | Reached skill level 5 in Armour
  6834 | D:7      | Gained mutation: You are mostly covered in sharp spines.
                  | [demonic ancestry]
  6834 | D:7      | Reached XP level 10. HP: 82/82 MP: 10/10
  7046 | D:7      | HP: 3/82 [orc warrior/+2 glaive of venom (11)]
  7046 | D:7      | Mangled by an orc warrior

Illustrated notes

Levels and vault maps discovered:
D:1:      dpeg_arrival_boxes_within_box, layout_basic, minmay_close_crescents
D:2:      layout_basic, mrwooster_statue_mirror, hex_medium
D:3:      layout_basic, demons_altar, gup_sewer_entry_bubbles,
          kennysheep_generic_room_15
D:4:      layout_loops_corners, grunt_temple_overflow_growth_and_decay,
          sigmund_army, uniq_pikel, uniq_robin
D:5:      layout_basic, nicolae_wu_jian_wuxing_cycle,
          minmay_temple_entry_antechambers, minmay_misc_feat_x,
          minmay_diced_spiral
D:6:      layout_basic, nicolae_tso_carved_into_rock,
          mainiacjoe_overflow_small_starburst, nicolae_gozag_seed_capital,
          gammafunk_temple_overflow_statue
D:7:      layout_basic, uniq_maggie, uniq_duvessa, uniq_prince_ribbit1
Temple:   nicolae_temple_ecumenical_triangle

Skill      XL: |  1  2  3  4  5  6  7  8  9 |
---------------+----------------------------+-----
Long Blades    | 3 4 |  4.6
Dodging        | 3 4 5 |  5.9
Armour         | 1 2 3 4 5 |  5.1
Fighting       | 3 4 6 7 8 |  8.7
Short Blades   | 1 3 4 6 |  6.7
Throwing       | |  1.7

Action                     |  1- 3 |  4- 6 |  7- 9 | 10-12 || total
---------------------------+-------+-------+-------+-------++-------
  Melee: Long sword        |   112 |    80 |    13 |       ||   205
         Short sword       |    48 |    24 |   243 |       ||   315
         Punch             |     2 |     4 |     3 |       ||     9
         Kick              |       |    24 |   124 |    11 ||   159
         Scimitar          |       |       |    73 |    25 ||    98
    Use: Scroll            |     3 |     3 |     9 |       ||    15
         Potion            |       |       |       |     3 ||     3
 Armour: Leather armour    |    28 |       |       |       ||    28
         Plate armour      |    65 |    68 |   197 |    15 ||   345
  Dodge: Dodged            |    57 |    26 |    83 |     4 ||   170
  Block: Other             |    25 |    29 |    50 |     9 ||   113

Table legend: (Time is in decaauts)
 A = Elapsed time spent in this place.
 B = Non-inter-level travel time spent in this place.
 C = Inter-level travel time spent in this place.
 D = Time resting spent in this place.
 E = Time spent auto-exploring this place.
 F = Levels seen in this place.
 G = Mean time per level.
                   A        B        C        D        E       F      G
               +--------+--------+--------+--------+--------+-----+--------+
         Total |   7062 |   6884 |    178 |    479 |   5024 |   9 |  784.7 |
       Dungeon |   6174 |   6002 |    172 |    321 |   4487 |   7 |  882.0 |
        Temple |     67 |     61 |      6 |      0 |     55 |   1 |   67.0 |
         Sewer |    821 |    821 |      0 |    158 |    482 |   1 |  821.0 |
               +--------+--------+--------+--------+--------+-----+--------+

Top non-repeatable levels by time:
     D:3: 1317 daAuts
     D:4: 1246 daAuts
     D:6: 976 daAuts
     D:2: 842 daAuts
   Sewer: 821 daAuts
     D:7: 794 daAuts
     D:5: 751 daAuts
     D:1: 244 daAuts
  Temple: 67 daAuts
